TOP OF THE 1ST |
Greeneville Astros batting - Pitching for Elizabethton Twins : RHP Jerry Bell
|
Pitching: RHP Jerry Bell
|
|
Batting: RHB Pat Pepka
|
0-0: Ball 1-0: Called Strike 1-1: Swinging Strike 1-2: Ball 2-2: Strikes out swinging
|
Batting: RHB Itsuto Suzuki
|
0-0: Ground out U3 (Groundball, 3, EV 82.5 MPH)
|
Batting: RHB Jake Wilson
|
0-0: Called Strike 0-1: Ball 1-1: Ball 2-1: Ball 3-1: Base on Balls
|
Batting: RHB Jason Schroeder
|
0-0: Foul Ball, location: 2F 0-1: 2-RUN HOME RUN (Flyball, 9D, EV 96.9 MPH), Distance : 374 ft
|
Batting: RHB Rich Regier
|
0-0: Called Strike 0-1: Foul Ball, location: 23F 0-2: Strikes out swinging
|
Top of the 1st over - 2 runs, 1 hit, 0 errors, 0 left on base; Greeneville 2 - Elizabethton 0 |
BOTTOM OF THE 1ST |
Elizabethton Twins batting - Pitching for Greeneville Astros : RHP Seth Tindel
|
Pitching: RHP Seth Tindel
|
|
Batting: RHB Juan Herrera
|
0-0: Ball 1-0: Swinging Strike 1-1: Ground out 1-3 (Groundball, 15S, EV 73.8 MPH)
|
Batting: RHB Matthew Robertson
|
0-0: Called Strike 0-1: Ball 1-1: Ball 2-1: Foul Ball, location: 25F 2-2: Ball 3-2: SINGLE (Line Drive, 78S, EV 98.8 MPH)
|
Batting: LHB Jose Dominguez
|
0-0: Ball 1-0: Ball 2-0: Grounds into double play, 4-6-3 (Groundball, 4M, EV 91.9 MPH)
|
Bottom of the 1st over - 0 runs, 1 hit, 0 errors, 0 left on base; Greeneville 2 - Elizabethton 0 |
TOP OF THE 2ND |
Greeneville Astros batting - Pitching for Elizabethton Twins : RHP Jerry Bell
|
Batting: LHB Willie Cisneros
|
0-0: Ball 1-0: Ball 2-0: Called Strike 2-1: Foul Ball, location: 23FF 2-2: Foul Ball, location: 9LDF 2-2: Ball 3-2: DOUBLE (Line Drive, 3D, EV 98.8 MPH)
|
Batting: SHB Jonathan Reyes
|
0-0: Ball 1-0: Called Strike 1-1: Ball 2-1: Ball 3-1: Foul Ball, location: 7LMF 3-2: Foul Ball, location: 2F 3-2: Strikes out looking
|
Batting: RHB Isidro Ortega
|
0-0: Ball 1-0: Swinging Strike 1-1: Called Strike 1-2: Ball 2-2: Strikes out looking
|
Batting: RHB Jim Unknown
|
0-0: Called Strike 0-1: Fly out, F8 (Line Drive, 8LS, EV 91.9 MPH)
|
Top of the 2nd over - 0 runs, 1 hit, 0 errors, 1 left on base; Greeneville 2 - Elizabethton 0 |
BOTTOM OF THE 2ND |
Elizabethton Twins batting - Pitching for Greeneville Astros : RHP Seth Tindel
|
Batting: LHB Marc Franks
|
0-0: Ball 1-0: Ball 2-0: Foul Ball, location: 3FF 2-1: Reached on error, E4 (Groundball, 34D, EV 101.3 MPH)
|
Batting: RHB Bill Easter
|
0-0: Ground out U3 (Groundball, 3S, EV 107.5 MPH) Marc Franks to third
|
Batting: LHB Travis Rowland
|
0-0: Called Strike 0-1: Ball 1-1: Ball 2-1: Ball 3-1: Swinging Strike 3-2: Foul Ball, location: 23F 3-2: Ground out U3 (Groundball, 34S, EV 84.4 MPH) Marc Franks scores
|
Batting: SHB Bobby Cobos
|
0-0: Ball 1-0: Fly out, F9 (Line Drive, 9S, EV 97.5 MPH)
|
Bottom of the 2nd over - 1 run, 0 hits, 1 error, 0 left on base; Greeneville 2 - Elizabethton 1 |
TOP OF THE 3RD |
Greeneville Astros batting - Pitching for Elizabethton Twins : RHP Jerry Bell
|
Batting: RHB Pat Pepka
|
0-0: Ball 1-0: Ball 2-0: Ball 3-0: Base on Balls
|
Batting: RHB Itsuto Suzuki
|
0-0: Ball 1-0: Called Strike 1-1: Called Strike 1-2: Strikes out swinging
|
Batting: RHB Jake Wilson
|
0-0: SINGLE (Groundball, 34D, EV 104.4 MPH) Pat Pepka to second
|
Batting: RHB Jason Schroeder
|
0-0: Ball 1-0: Called Strike 1-1: Foul Ball, location: 9LDF 1-2: Foul Ball, location: 2F 1-2: Grounds into double play, 6-4-3 (Groundball, 6, EV 104.4 MPH)
|
Top of the 3rd over - 0 runs, 1 hit, 0 errors, 1 left on base; Greeneville 2 - Elizabethton 1 |
BOTTOM OF THE 3RD |
Elizabethton Twins batting - Pitching for Greeneville Astros : RHP Seth Tindel
|
Batting: LHB Nate Orr
|
0-0: Called Strike 0-1: Swinging Strike 0-2: Ball 1-2: Ball 2-2: Ball 3-2: Fly out, F7 (Flyball, 7D, EV 93.1 MPH)
|
Batting: RHB Mike McMillian
|
0-0: Called Strike 0-1: Ground out 1-3 (Groundball, 13S, EV 72.5 MPH)
|
Batting: RHB Juan Herrera
|
0-0: Ball 1-0: Swinging Strike 1-1: Swinging Strike 1-2: Ball 2-2: Ball 3-2: Base on Balls
|
Batting: RHB Matthew Robertson
|
0-0: Ball Juan Herrera steals 2nd, throwing error, E2 Juan Herrera to third 1-0: Foul Ball, location: 2F 1-1: Ball 2-1: Ball 3-1: Called Strike 3-2: Strikes out swinging
|
Bottom of the 3rd over - 0 runs, 0 hits, 1 error, 1 left on base; Greeneville 2 - Elizabethton 1 |
TOP OF THE 4TH |
Greeneville Astros batting - Pitching for Elizabethton Twins : RHP Jerry Bell
|
Batting: RHB Rich Regier
|
0-0: Called Strike 0-1: Ball 1-1: Ball 2-1: Called Strike 2-2: Ball 3-2: Base on Balls
|
Batting: LHB Willie Cisneros
|
0-0: Called Strike 0-1: Foul Ball, location: 3SF 0-2: Foul Ball, location: 9LSF 0-2: Foul Ball, location: 9LDF 0-2: Ball 1-2: Strikes out swinging
|
Batting: SHB Jonathan Reyes
|
0-0: Called Strike 0-1: Ball 1-1: Foul Ball, location: 5F 1-2: Foul Ball, location: 23FF 1-2: Foul Ball, location: 3F 1-2: Grounds into double play, 6-4-3 (Groundball, 56, EV 100.6 MPH)
|
Top of the 4th over - 0 runs, 0 hits, 0 errors, 0 left on base; Greeneville 2 - Elizabethton 1 |
BOTTOM OF THE 4TH |
Elizabethton Twins batting - Pitching for Greeneville Astros : RHP Seth Tindel
|
Batting: LHB Jose Dominguez
|
0-0: Ball 1-0: Foul Ball, location: 2RF, Error on foul ball, E2 1-1: Ball 2-1: Ball 3-1: SINGLE (Flyball, 6D, EV 88.1 MPH)
|
Batting: LHB Marc Franks
|
0-0: Ball 1-0: Ball 2-0: Ball 3-0: Base on Balls Jose Dominguez to second
|
Batting: RHB Bill Easter
|
0-0: Ball 1-0: Foul Ball, location: 2LF 1-1: Foul Ball, location: 9LMF 1-2: Grounds into double play, 5-4-3 (Groundball, 56, EV 80.0 MPH) Jose Dominguez to third
|
Batting: LHB Travis Rowland
|
0-0: Called Strike 0-1: 2-RUN HOME RUN (Flyball, 78XD, EV 101.3 MPH), Distance : 392 ft
|
Batting: SHB Bobby Cobos
|
0-0: Called Strike 0-1: Called Strike 0-2: Strikes out swinging
|
Bottom of the 4th over - 2 runs, 2 hits, 1 error, 0 left on base; Greeneville 2 - Elizabethton 3 |
TOP OF THE 5TH |
Greeneville Astros batting - Pitching for Elizabethton Twins : RHP Jerry Bell
|
Batting: RHB Isidro Ortega
|
0-0: Called Strike 0-1: Ball 1-1: Swinging Strike 1-2: Ball 2-2: Fly out, F8 (Line Drive, 8RS, EV 91.3 MPH)
|
Batting: RHB Jim Unknown
|
0-0: Ground out 6-3 (Groundball, 6, EV 98.8 MPH)
|
Batting: RHB Pat Pepka
|
0-0: Called Strike 0-1: Ball 1-1: Ball 2-1: Ball 3-1: Fly out, F8 (Line Drive, 8LM, EV 101.3 MPH)
|
Top of the 5th over - 0 runs, 0 hits, 0 errors, 0 left on base; Greeneville 2 - Elizabethton 3 |
BOTTOM OF THE 5TH |
Elizabethton Twins batting - Pitching for Greeneville Astros : RHP Seth Tindel
|
Batting: LHB Nate Orr
|
0-0: SINGLE (Groundball, 4D, EV 104.4 MPH)
|
Batting: RHB Mike McMillian
|
0-0: Sac Bunt to 2R - play at first, batter OUT! 2-3 Nate Orr to second
|
Batting: RHB Juan Herrera
|
0-0: Ground out 6-3 (Groundball, 6S, EV 83.1 MPH)
|
Batting: RHB Matthew Robertson
|
0-0: Ground out 5-3 (Groundball, 56, EV 90.6 MPH)
|
Bottom of the 5th over - 0 runs, 1 hit, 0 errors, 1 left on base; Greeneville 2 - Elizabethton 3 |
TOP OF THE 6TH |
Greeneville Astros batting - Pitching for Elizabethton Twins : RHP Jerry Bell
|
Pitching: RHP Lyle McTighe
|
|
Batting: RHB Itsuto Suzuki
|
0-0: Called Strike 0-1: Called Strike 0-2: Ground out 4-3 (Groundball, P, EV 86.3 MPH)
|
Batting: RHB Jake Wilson
|
0-0: Ball 1-0: Ball 2-0: Ball 3-0: Called Strike 3-1: Base on Balls
|
Batting: RHB Jason Schroeder
|
0-0: Ball 1-0: Called Strike 1-1: Reached on error, E5 (Groundball, 56S, EV 87.5 MPH) Jake Wilson to second
|
Batting: RHB Rich Regier
|
0-0: Called Strike Jake Wilson steals 3rd base 0-1: Foul Ball, location: 9LSF 0-2: Ball 1-2: Ball 2-2: Ball 3-2: Base on Balls Jason Schroeder to second
|
Batting: LHB Willie Cisneros
|
0-0: Called Strike 0-1: Ball 1-1: Ball 2-1: Ball 3-1: Called Strike 3-2: Strikes out swinging
|
Batting: SHB Jonathan Reyes
|
0-0: Called Strike 0-1: Ball 1-1: Ball 2-1: Ball 3-1: Swinging Strike 3-2: Base on Balls Jake Wilson scores Jason Schroeder to third Rich Regier to second
|
Batting: RHB Isidro Ortega
|
0-0: Swinging Strike 0-1: Ball 1-1: Foul Ball, location: 9LMF 1-2: Ball 2-2: Strikes out swinging
|
Top of the 6th over - 1 run, 0 hits, 1 error, 3 left on base; Greeneville 3 - Elizabethton 3 |
BOTTOM OF THE 6TH |
Elizabethton Twins batting - Pitching for Greeneville Astros : RHP Seth Tindel
|
Batting: LHB Jose Dominguez
|
0-0: Called Strike 0-1: Ball 1-1: Called Strike 1-2: Ground out 4-3 (Groundball, 4S, EV 68.8 MPH)
|
Batting: LHB Marc Franks
|
0-0: Called Strike 0-1: Ball 1-1: Ball 2-1: Foul Ball, location: 7LMF 2-2: Ball 3-2: Strikes out looking
|
Batting: RHB Bill Easter
|
0-0: Foul Ball, location: 9LDF 0-1: Ball 1-1: Swinging Strike 1-2: Fly out, F8 (Flyball, 8RD, EV 105.6 MPH)
|
Bottom of the 6th over - 0 runs, 0 hits, 0 errors, 0 left on base; Greeneville 3 - Elizabethton 3 |
TOP OF THE 7TH |
Greeneville Astros batting - Pitching for Elizabethton Twins : RHP Lyle McTighe
|
Pitching: LHP Marco Bedoya
|
|
Batting: RHB Jim Unknown
|
0-0: Ball 1-0: Fly out, F8 (Line Drive, 8LD, EV 90.6 MPH)
|
Batting: RHB Pat Pepka
|
0-0: Called Strike 0-1: Ball 1-1: Swinging Strike 1-2: Ball 2-2: Ball 3-2: Base on Balls
|
Batting: RHB Itsuto Suzuki
|
0-0: Ball 1-0: Fly out, F8 (Flyball, 8RD, EV 86.9 MPH)
|
Batting: RHB Jake Wilson
|
0-0: Ball Pat Pepka steals 2nd base 1-0: Fly out, F8 (Line Drive, 8RM, EV 91.9 MPH)
|
Top of the 7th over - 0 runs, 0 hits, 0 errors, 1 left on base; Greeneville 3 - Elizabethton 3 |
BOTTOM OF THE 7TH |
Elizabethton Twins batting - Pitching for Greeneville Astros : RHP Seth Tindel
|
Pitching: LHP Jim Unknown
|
|
Batting: LHB Travis Rowland
|
0-0: Foul Ball, location: 25F 0-1: Ball 1-1: Ball 2-1: Ball 3-1: Base on Balls
|
Batting: SHB Bobby Cobos
|
0-0: Fly out, F9 (Line Drive, 9S, EV 95.6 MPH)
|
Batting: LHB Nate Orr
|
0-0: Ball 1-0: Ball 2-0: Called Strike 2-1: Ball 3-1: Foul Ball, location: 5FF 3-2: Base on Balls Travis Rowland to second
|
Pinch Runner at 2nd Eddie Lugo:
|
|
Batting: RHB Mike McMillian
|
0-0: Swinging Strike 0-1: Called Strike 0-2: Ball 1-2: Ball 2-2: SINGLE (Groundball, 4MS, EV 75.0 MPH) (infield hit) Eddie Lugo to third Nate Orr to second
|
Batting: RHB Juan Herrera
|
0-0: Ball 1-0: Ball 2-0: Ball 3-0: Base on Balls Eddie Lugo scores Nate Orr to third Mike McMillian to second
|
Batting: RHB Matthew Robertson
|
0-0: Ball 1-0: Grounds into fielders choice 1-2 (Groundball, 15, EV 70.6 MPH) Mike McMillian to third Juan Herrera to second
|
Batting: LHB Jose Dominguez
|
0-0: Swinging Strike 0-1: Called Strike 0-2: Ball 1-2: Ball 2-2: Foul Ball, location: 3F 2-2: Ball 3-2: Foul Ball, location: 5DF 3-2: Base on Balls Mike McMillian scores Juan Herrera to third Matthew Robertson to second
|
Batting: LHB Marc Franks
|
0-0: SINGLE (Groundball, 4, EV 92.5 MPH) Juan Herrera scores Matthew Robertson to third Jose Dominguez to second Throwing error, E9 Matthew Robertson scores Jose Dominguez to third Marc Franks to second
|
Pitching: RHP Jim Unknown
|
|
Batting: RHB Bill Easter
|
0-0: Called Strike 0-1: Called Strike 0-2: Ball 1-2: Fly out, F6 (Popup, 6M, EV 60.0 MPH)
|
Bottom of the 7th over - 4 runs, 2 hits, 1 error, 2 left on base; Greeneville 3 - Elizabethton 7 |
TOP OF THE 8TH |
Greeneville Astros batting - Pitching for Elizabethton Twins : LHP Marco Bedoya
|
Now at 1B: Lucas Evans
|
|
Batting: RHB Jason Schroeder
|
0-0: Ball 1-0: Fly out, F7 (Flyball, 7LS, EV 87.5 MPH)
|
Batting: RHB Rich Regier
|
0-0: Called Strike 0-1: Fly out, F8 (Line Drive, 8LS, EV 97.5 MPH)
|
Pinch Hitting: RHB Kris Onufrak
|
0-0: Called Strike 0-1: Fly out, F8 (Flyball, 8LM, EV 83.8 MPH)
|
Top of the 8th over - 0 runs, 0 hits, 0 errors, 0 left on base; Greeneville 3 - Elizabethton 7 |
BOTTOM OF THE 8TH |
Elizabethton Twins batting - Pitching for Greeneville Astros : RHP Jim Unknown
|
Now at 1B: Mike Sherman
|
|
Batting: RHB Lucas Evans
|
0-0: Ball 1-0: Ball 2-0: Ball 3-0: Base on Balls
|
Batting: SHB Bobby Cobos
|
0-0: Ball 1-0: Ball 2-0: Called Strike 2-1: Ball 3-1: Foul Ball, location: 5F 3-2: Base on Balls Lucas Evans to second
|
Batting: LHB Nate Orr
|
0-0: Ball 1-0: Swinging Strike 1-1: SINGLE (Flyball, 8LM, EV 75.6 MPH) Lucas Evans to third Bobby Cobos to second
|
Batting: RHB Mike McMillian
|
0-0: Ball 1-0: Ball 2-0: Ball 3-0: Base on Balls Lucas Evans scores Bobby Cobos to third Nate Orr to second
|
Batting: RHB Juan Herrera
|
0-0: Called Strike 0-1: Ball 1-1: Ball 2-1: Ball 3-1: Base on Balls Bobby Cobos scores Nate Orr to third Mike McMillian to second
|
Batting: RHB Matthew Robertson
|
0-0: Ball 1-0: Ball 2-0: Fly out, F9 (Flyball, 89S, EV 74.4 MPH)
|
Batting: LHB Jose Dominguez
|
0-0: Called Strike 0-1: Grounds into double play, 3-6-3 (Groundball, 34S, EV 88.1 MPH)
|
Bottom of the 8th over - 2 runs, 1 hit, 0 errors, 2 left on base; Greeneville 3 - Elizabethton 9 |
TOP OF THE 9TH |
Greeneville Astros batting - Pitching for Elizabethton Twins : LHP Marco Bedoya
|
Batting: SHB Jonathan Reyes
|
0-0: TRIPLE (Flyball, 8RXD, EV 87.5 MPH)
|
Batting: RHB Isidro Ortega
|
0-0: Called Strike 0-1: SINGLE (Line Drive, 5D, EV 98.8 MPH) Jonathan Reyes scores
|
Pinch Hitting: LHB Nick Muehlberg
|
0-0: Ball 1-0: Called Strike 1-1: Ball 2-1: Ball 3-1: Base on Balls Isidro Ortega to second
|
Batting: RHB Pat Pepka
|
0-0: Ball 1-0: Called Strike 1-1: SINGLE (Groundball, 6MD, EV 103.1 MPH) Isidro Ortega to third Nick Muehlberg to second
|
Batting: RHB Itsuto Suzuki
|
0-0: Ball 1-0: GRAND SLAM HOME RUN (Flyball, 89XD, EV 101.9 MPH), Distance : 402 ft
|
Pitching: LHP Jeremy Bagwell
|
|
Batting: RHB Jake Wilson
|
0-0: Ball 1-0: Ball 2-0: Ball 3-0: Called Strike 3-1: Ground out 6-3 (Groundball, 6, EV 78.1 MPH)
|
Batting: RHB Jason Schroeder
|
0-0: Ball 1-0: Foul Ball, location: 2F 1-1: Fly out, F7 (Flyball, 7LD, EV 94.4 MPH)
|
Batting: RHB Rich Regier
|
0-0: Ball 1-0: Called Strike 1-1: Ball 2-1: Ball 3-1: Ground out 4-3 (Groundball, 34, EV 86.3 MPH)
|
Top of the 9th over - 5 runs, 4 hits, 0 errors, 0 left on base; Greeneville 8 - Elizabethton 9 |
|